 Dungeon Crawl Stone Soup version 0.14-a0-1765-g49ce880 (webtiles) character file.

10948 Medar the Severer (level 11, 0/82 HPs)
             Began as a Lava Orc Chaos Knight on Jan 5, 2014.
             Was a Plaything of Xom.
             Incinerated by a smoke demon (1 damage)
             ... with a sticky flame
             ... on Level 1 of the Abyss.
             The game lasted 00:49:02 (13264 turns).

Medar the Severer (Lava Orc Chaos Knight)          Turns: 13264, Time: 00:49:02

HP   0/82        AC 25     Str 23      XL: 11   Next: 41%
MP  19/19        EV  6     Int 14      God: Xom
Gold 74          SH  0     Dex  7      Spells:  0 memorised, 10 levels left

rFire  + + .     SeeInvis .     a - +0,+1 orc war axe
rCold  + . .     Clarity  .     R - +0 orc plate armour
rNeg   . . .     Conserve +     (no shield)
rPois  +         rCorr    +     E - -2 helmet "Rybyjonu" {Str+1 Int+4}
rElec  +         rRot     .     z - +0 cloak {rCorr, Cons}
SustAb . .       Spirit   .     F - +0 pair of dwarf gloves
rMut   .         Warding  .     f - +0 pair of boots
Saprov + . .     Stasis   .     D - amulet of rage
                                J - ring of protection from magic
                                U - +3 ring of protection

@: liquid flames, about to teleport, exhausted, mighty, slowed, glowing, very
slow, quite resistant to hostile enchantments, extremely unstealthy
A: rough black scales 1, berserk 2, clumsy 1, conserve scrolls, deformed body,
dopey 1, herbivore 2, fast metabolism 1, frail 1, saprovore 1, screaming 1, slow
healing 1, weak 1
a: Renounce Religion, Evoke Berserk Rage


You were on level 1 of the Abyss.
You worshipped Xom.
You were Xom's teddy bear.
You were not hungry.

You visited 2 branches of the dungeon, and saw 12 of its levels.
You visited the Abyss 1 time.

You collected 423 gold pieces.
You spent 349 gold pieces at shops.

Inventory:

Hand weapons
 a - a +0,+1 orcish war axe (weapon)
 b - a +1,-2 orcish hand axe of chaos
 p - a +0,+0 war axe
 s - a -1 orcish blowgun
Missiles
 k - 43 poisoned needles
Armour
 f - a +0 pair of boots (worn)
 z - a +0 cloak of preservation (worn)
 E - the cursed -2 helmet "Rybyjonu" (worn) {Str+1 Int+4}
   (You bought it in a shop on level 7 of the Dungeon)

   It affects your strength (+1).
   It affects your intelligence (+4).
   It has a curse placed upon it.
 F - a +0 pair of dwarven gloves (worn)
 R - a +0 orcish plate armour (worn)
Magical devices
 d - a wand of teleportation (5)
 t - a wand of random effects (0)
 H - a wand of frost (0)
 I - a wand of magic darts (5)
 W - a wand of fireball (0)
Comestibles
 c - 6 meat rations
 j - 2 royal jellies
 m - a pear
 u - 13 strawberries
 A - a snozzcumber
 L - a choko
Scrolls
 h - a scroll of teleportation
 l - 2 scrolls of magic mapping
 q - 2 scrolls of remove curse
 r - 2 scrolls of fog
 y - a scroll of recharging
 B - a scroll of amnesia
Jewellery
 g - a +4 ring of dexterity
 n - an uncursed ring of magical power
 D - an amulet of rage (around neck)
 J - a ring of protection from magic (right hand)
 U - a +3 ring of protection (left hand)
Potions
 i - a potion of might
 v - a potion of flight
 C - 2 potions of resistance
 G - a potion of restore abilities
Books
 x - a book of Burglary

   Spells                             Type                      Level
   Apportation                        Translocation                1
   Swiftness                          Charms/Air                   2
   Passwall                           Transmutation/Earth          3
   Passage of Golubria                Translocation                4
   Lee's Rapid Deconstruction         Earth                        5
   Darkness                           Hexes                        7


   Skills:
 + Level 7.5 Fighting
 - Level 16.0 Axes
 - Level 10.0 Armour
 - Level 0.7 Dodging
 - Level 5.1 Evocations


You had 10 spell levels left.
You didn't know any spells.

Dungeon Overview and Level Annotations

Branches:
Dungeon (8/16)             Temple (0/1) D:6            Lair (4/8) D:8
 Spider (0/5) Lair:3
  Swamp: Lair:3-6    Shoals: Lair:3-6     Snake: Lair:3-6

Altars:
Ashenzari
Yredelemnul
Zin

Shops:
D:4 [   D:6 /   D:7 [

Annotations:
D:2 Sigmund
Lair:1 exclusion: door


Innate Abilities, Weirdness & Mutations

You have stony skin.
Your flesh is heat resistant.
Your flesh is vulnerable to cold.
Your heat harms attackers.
You bathe your surroundings in blazing heat.
You are too hot to use scrolls.
You are very good at protecting items from fire.
You can tolerate rotten meat.
You are partially covered in rough black scales (AC +4, Dex -1).
You are clumsy. (Dex -2)
Armour fits poorly on your strangely shaped body.
You are frail (-10% HP).
You occasionally shout uncontrollably.
[You often lose your temper in combat.]
[You are dopey. (Int -2)]
[You digest meat very inefficiently.]
[You have a fast metabolism.]
[You heal slowly when monsters are visible.]
[You are weak. (Str -2)]


Message History

The merfolk hits you but does no damage.
A smoke demon comes into view.
Read which item? (? for menu, Esc to quit)
As you read the scroll of teleportation, it crumbles to dust.
You feel strangely unstable.
You feel the power of the Abyss delaying your translocation.
The smoke demon roars!
The merfolk hits you but does no damage.
The smoke demon gestures at you. The sticky flame hits you!
You are covered in liquid flames!
The merfolk hits you.
* * * LOW HITPOINT WARNING * * *
Drink which item? (? for menu, Esc to quit)
Okay, then.
Drink which item? (? for menu, Esc to quit)
You feel protected.
You are covered in liquid flames!
You die...
Xom thinks this is hilarious!

≈#≈ ≈≈≈≈≈.≈≈.
#≈≈#.≈≈≈≈#≈
≈≈≈≈§≈.§.≈.#≈
≈≈≈≈≈≈§≈X≈≈≈≈≈.
≈.#≈..≈≈≈≈..≈##
#####.#####.##§
............#....
#....@#.......
........m(#......
.....#..#.3....
.....#.#.......
#.############§
≈≈≈≈≈.m≈≈≈≈≈≈
###≈≈≈≈≈≈≈.
≈≈≈≈≈≈≈ .#≈


You could see a tentacled starspawn, a smoke demon and a merfolk.

Vanquished Creatures
  A wretched star (Abyss:1)
  3 spiny frogs
  Psyche (D:8)
  A fire drake (Lair:3)
  Grinder (D:3)
  A polar bear (Lair:4)
  Prince Ribbit (D:5)
  A wandering mushroom (Lair:3)
  A ynoxinul (Abyss:1)
  4 blink frogs
  2 basilisks
  A hungry ghost (D:7)
  2 sharks (Lair:1)
  3 hippogriffs
  3 wolves
  A manticore (D:8)
  A small abomination (Abyss:1)
  3 ice beasts (D:6)
  A soldier ant (Lair:4)
  4 porcupines
  A giant goldfish (Lair:1)
  A phantom (D:6)
  2 ogres
  An orc warrior (D:7)
  2 centaurs
  2 crocodiles
  3 water moccasins
  2 agate snails
  8 giant frogs
  4 killer bees (D:6)
  3 jellyfish (Lair:1)
  5 jellies
  2 electric eels (Lair:1)
  2 crimson imps
  A yak skeleton (D:7)
  A goliath beetle (D:8)
  4 orc priests
  Crazy Yiuf (D:7)
  9 orc wizards
  4 hounds
  2 big fish (Lair:1)
  4 iguanas
  4 worker ants
  9 sheep
  A killer bee zombie (D:8)
  Ijyb (D:3)
  A big kobold skeleton (D:7)
  An ogre skeleton (D:6)
  Terence (D:3)
  8 adders
  4 gnolls
  A giant centipede (Lair:3)
  3 giant mites
  2 ufetubi (Abyss:1)
  12 worms
  2 iguana zombies (D:7)
  An adder skeleton (D:8)
  4 giant geckos
  6 oozes
  33 orcs
  3 ball pythons
  8 giant cockroaches
  9 goblins
  13 hobgoblins
  20 jackals
  16 kobolds
  4 quokkas
  10 bats
  A giant cockroach zombie (D:5)
  A giant gecko skeleton (D:5)
  13 giant newts
  2 giant spores (D:7)
  A goblin zombie (D:5)
  A quokka zombie (D:5)
  13 rats
  A rat zombie (D:8)
  5 ballistomycetes (D:7)
  2 fungi
  A plant (Lair:1)
318 creatures vanquished.

Vanquished Creatures (collateral kills)
  3 blink frogs (Lair:4)
  A sky beast (D:4)
  Duvessa (D:4)
  Blork the orc (D:4)
  A giant frog (D:7)
  A quasit (Lair:3)
  Dowan (D:4)
  An orc priest (D:5)
  A giant frog skeleton (D:5)
  2 worker ants
  An orc wizard (D:4)
  A white imp (Lair:3)
  4 orcs
  A bat zombie (D:7)
  A giant cockroach (D:4)
  4 jackals (D:4)
25 creatures vanquished.

Vanquished Creatures (others)
  A hydra (Lair:3)
  A shark (Lair:1)
  A hound (Lair:4)
  An orc wizard (D:6)
  A shadow imp (Abyss:1)
  An ufetubus (D:5)
  2 bat zombies (D:7)
  A fungus (Lair:1)
9 creatures vanquished.

Grand Total: 352 creatures vanquished

Notes
Turn   | Place    | Note
--------------------------------------------------------------
     0 | D:1      | Medar, the Lava Orc Chaos Knight, began the quest for the Orb.
     0 | D:1      | Reached XP level 1. HP: 19/19 MP: 1/1
     7 | D:1      | XOM: harmless Erth miscast
   120 | D:1      | Reached skill level 4 in Axes
   272 | D:1      | Reached XP level 2. HP: 26/26 MP: 2/2
   653 | D:1      | XOM: harmless Divn miscast
   770 | D:1      | XOM: divination: detect creatures
   911 | D:2      | Reached skill level 5 in Axes
   924 | D:2      | Reached XP level 3. HP: 25/31 MP: 3/3
  1168 | D:2      | Noticed Sigmund
  1176 | D:2      | XOM: silly message
  1179 | D:3      | Noticed Terence
  1239 | D:3      | XOM: potion effect (might)
  1239 | D:3      | Reached skill level 6 in Axes
  1239 | D:3      | Reached XP level 4. HP: 39/39 MP: 4/4
  1246 | D:3      | Killed Terence
  1303 | D:3      | XOM: harmless Divn miscast
  1354 | D:3      | Reached skill level 7 in Axes
  1354 | D:3      | Reached XP level 5. HP: 35/45 MP: 5/5
  1573 | D:3      | Noticed Grinder
  1964 | D:3      | XOM: mild Chrm miscast
  1975 | D:3      | XOM: colour smoke trail
  1982 | D:3      | XOM: confusion (+ monsters)
  2150 | D:3      | Noticed Ijyb
  2155 | D:3      | Gained mutation: [You are weak. (Str -2)] [potion of mutation]
  2155 | D:3      | Gained mutation: You are resistant to hostile enchantments. [potion of mutation]
  2155 | D:3      | Gained mutation: [You tend to lose your temper in combat.] [potion of mutation]
  2172 | D:3      | Killed Ijyb
  2247 | D:3      | XOM: medium Hex miscast
  2355 | D:3      | XOM: mild Divn miscast
  2410 | D:3      | Paralysed by Grinder for 6 turns
  2434 | D:3      | XOM: enchant monster (good)
  2438 | D:3      | Paralysed by Grinder for 7 turns
  2443 | D:3      | XOM: cast spell 'Confusing Touch'
  2448 | D:3      | Killed Grinder
  2448 | D:3      | Reached skill level 9 in Axes
  2448 | D:3      | Reached XP level 6. HP: 35/51 MP: 6/6
  3001 | D:4      | XOM: 2-stop teleportation journey
  3010 | D:4      | Reached XP level 7. HP: 27/57 MP: 7/7
  3137 | D:3      | HP: 2/57 [poisoned by a kobold]
  3275 | D:3      | XOM: divination: detect creatures
  3602 | D:4      | XOM: colour smoke trail
  3618 | D:4      | Found Twuics' Antique Armour Shoppe.
  3625 | D:4      | Noticed Duvessa
  3631 | D:4      | XOM: summons 5 friendly demons
  3636 | D:4      | Reached skill level 10 in Axes
  3638 | D:4      | Killed Duvessa
  3643 | D:4      | Noticed Dowan
  3646 | D:4      | Killed Dowan
  3658 | D:4      | Noticed Blork the orc
  3665 | D:4      | Killed Blork the orc
  3779 | D:4      | XOM: summons 7 friendly demons
  3789 | D:5      | Entered Level 5 of the Dungeon
  3924 | D:5      | XOM: vitrification
  3935 | D:5      | Noticed Prince Ribbit
  3944 | D:5      | Killed Prince Ribbit
  3944 | D:5      | Reached skill level 11 in Axes
  3944 | D:5      | Reached XP level 8. HP: 34/64 MP: 8/8
  4108 | D:5      | XOM: god gift: antique book {god gift}
  4109 | D:5      | Identified Yphium's Tome of the Harmful Rocks (Xom gifted it to you on level 5 of the Dungeon)
  4478 | D:5      | XOM: vitrification
  4642 | D:6      | Found a staircase to the Ecumenical Temple.
  4734 | D:6      | XOM: god gift: 16 stones
  4795 | D:6      | Found Pohez's Magical Wand Emporium.
  4802 | D:6      | Bought a wand of random effects (8) for 55 gold pieces
  4802 | D:6      | Bought a wand of magic darts (8) for 33 gold pieces
  4913 | D:6      | XOM: 1-stop teleportation journey
  5148 | D:6      | Reached skill level 5 in Armour
  5443 | D:6      | Found a shattered altar of Ashenzari.
  5443 | D:6      | XOM: vitrification
  5588 | D:6      | XOM: inner flame monster(s)
  5599 | D:6      | XOM: god gift: leatherbound book {god gift}
  5644 | D:6      | XOM: harmless Necr miscast
  5742 | D:6      | Found a basalt altar of Yredelemnul.
  5781 | D:6      | XOM: mild Necr miscast
  5855 | D:6      | Found a glowing silver altar of Zin.
  5909 | D:7      | XOM: noise
  5914 | D:7      | XOM: torment (33/64 hp)
  5919 | D:7      | XOM: harmless Erth miscast
  5925 | D:6      | XOM: confusion
  5962 | D:6      | Reached skill level 5 in Evocations
  6037 | D:6      | XOM: medium Fire miscast
  6064 | D:6      | XOM: silly message
  6122 | D:6      | XOM: summons 3 hostile shadow creatures
  6184 | D:6      | XOM: give mutations
  6184 | D:6      | Gained mutation: You have a pair of small horns on your head. [Xom's mischief]
  6184 | D:6      | Gained mutation: You occasionally shout uncontrollably. [Xom's mischief]
  6184 | D:6      | Gained mutation: Armour fits poorly on your strangely shaped body. [Xom's mischief]
  6184 | D:6      | Lost mutation: Armour fits poorly on your strangely shaped body. [Xom's mischief]
  6447 | D:7      | Reached skill level 5 in Fighting
  6447 | D:7      | Reached XP level 9. HP: 68/74 MP: 16/16
  6488 | D:7      | XOM: confusion
  6605 | D:7      | XOM: mild Hex miscast
  6745 | D:7      | XOM: blink monster(s)
  7057 | D:7      | XOM: stat loss: -1 Dex (14/14)
  7097 | D:7      | XOM: colour smoke trail
  7122 | D:7      | XOM: stat loss: -1 Dex (14/14)
  7128 | D:7      | XOM: give mutations
  7128 | D:7      | Lost mutation: You have a pair of small horns on your head. [Xom's mischief]
  7128 | D:7      | Lost mutation: [You are weak. (Str -2)] [Xom's mischief]
  7555 | D:7      | XOM: snakes to sticks
  7557 | D:7      | XOM: blink monster(s)
  7576 | D:7      | Reached skill level 12 in Axes
  7598 | D:7      | Found Osaukax's Antique Armour Emporium.
  7607 | D:7      | Bought a pair of gloves for 36 gold pieces
  7683 | D:7      | Got a smelly ring mail
  7697 | D:7      | Identified the cursed -1 ring mail of Negiommi {rPois Stlth++} (You found it on level 7 of the Dungeon)
  7828 | D:7      | XOM: colour smoke trail
  8068 | D:7      | Noticed Crazy Yiuf
  8145 | D:7      | Killed Crazy Yiuf
  8167 | D:7      | Identified a +0 cloak of preservation (You took it off Crazy Yiuf on level 7 of the Dungeon)
  8337 | D:8      | Reached skill level 13 in Axes
  8538 | D:8      | Found a staircase to the Lair.
  8557 | Lair:1   | Entered Level 1 of the Lair of Beasts
  8678 | D:8      | XOM: colour smoke trail
  8704 | D:8      | XOM: blink monster(s)
  8759 | D:8      | XOM: silly message
  8901 | D:8      | Gained mutation: You are partially covered in rough black scales (AC +4, Dex -1). [potion of mutation]
  8901 | D:8      | Gained mutation: You are clumsy. (Dex -2) [potion of mutation]
  8901 | D:8      | Lost mutation: You are resistant to hostile enchantments. [potion of mutation]
  8948 | D:8      | Noticed Psyche
  8952 | D:8      | Killed Psyche
  9217 | D:8      | Reached skill level 14 in Axes
  9328 | Lair:1   | Reached XP level 10. HP: 83/83 MP: 18/18
  9375 | Lair:1   | XOM: harmless Hex miscast
  9659 | Lair:1   | Noticed a spiny frog
  9662 | Lair:1   | XOM: enchant monster (good)
  9676 | Lair:1   | Killed a spiny frog
  9832 | Lair:1   | Reached skill level 15 in Axes
  9915 | Lair:1   | XOM: divination: detect items
 10011 | Lair:1   | XOM: cast spell 'Beastly Appendage'
 10048 | Lair:1   | Noticed a spiny frog
 10058 | Lair:1   | Killed a spiny frog
 10072 | Lair:1   | XOM: divine lightning (protected)
 10483 | Lair:2   | Reached skill level 16 in Axes
 10664 | Lair:2   | XOM: 3-stop teleportation journey
 10688 | Lair:2   | Got a brightly glowing robe
 10703 | Lair:2   | Identified the +1 robe of the Doldrums {Stlth+} (You found it on level 2 of the Lair of Beasts)
 10741 | Lair:2   | XOM: summons friendly quasit
 11080 | Lair:2   | XOM: noise
 11346 | Lair:3   | XOM: give mutation
 11346 | Lair:3   | Gained mutation: You are frail (-10% HP). [Xom's mischief]
 11381 | Lair:3   | Noticed a five-headed hydra
 11396 | Lair:3   | XOM: silly message
 11469 | Lair:3   | Found a hole to the Spider Nest.
 11512 | Lair:3   | XOM: summons friendly quasit
 11524 | Lair:3   | XOM: swap monsters
 11528 | Lair:3   | XOM: 2-stop teleportation journey
 11549 | Lair:3   | XOM: summons friendly white imp
 11550 | Lair:3   | XOM: cast spell 'Confusing Touch'
 11556 | Lair:3   | XOM: confuse monster(s)
 11557 | Lair:3   | Killed a 11-headed hydra
 11557 | Lair:3   | Reached XP level 11. HP: 23/80 MP: 19/19
 11557 | Lair:3   | XOM: divine lightning
 11653 | Lair:3   | XOM: god gift: 38 gold pieces
 11765 | D:7      | XOM: god gift: scroll of random uselessness
 11768 | D:7      | Bought a heavily runed helmet for 225 gold pieces
 11771 | D:7      | Identified the cursed -2 helmet "Rybyjonu" {Str+1 Int+4} (You bought it in a shop on level 7 of the Dungeon)
 12140 | Lair:3   | XOM: summons 10 friendly demons
 12432 | Lair:3   | XOM: noise
 12483 | Lair:4   | XOM: cast spell 'Discord'
 12707 | Lair:3   | XOM: give mutation
 12707 | Lair:3   | Gained mutation: Armour fits poorly on your strangely shaped body. [Xom's mischief]
 12788 | Lair:4   | XOM: polymorph spiny frog -> soldier ant
 12789 | Lair:4   | XOM: noise
 12796 | Lair:4   | XOM: summons friendly quasit
 12797 | Lair:4   | XOM: noise
 12882 | Lair:3   | XOM: polymorph fungus -> wandering mushroom
 13085 | Lair:3   | XOM: harmless Ice miscast
 13094 | Lair:3   | Reached skill level 10 in Armour
 13109 | Lair:3   | XOM: medium Tloc miscast
 13109 | Lair:3   | Cast into the Abyss (the capriciousness of Xom)
 13166 | Abyss:1  | XOM: summons friendly shadow imp
 13218 | Abyss:1  | Noticed a wretched star
 13240 | Abyss:1  | Killed a wretched star
 13257 | Abyss:1  | Noticed a tentacled starspawn
 13263 | Abyss:1  | HP: 1/82 [merfolk (4)]
 13264 | Abyss:1  | Incinerated by a smoke demon

Action                   |  1- 3 |  4- 6 |  7- 9 | 10-12 || total
-------------------------+-------+-------+-------+-------++-------
Melee: Hand axe          |   106 |   150 |   405 |       ||   661
       War axe           |       |       |   127 |   380 ||   507
Throw: Dart              |       |     7 |       |       ||     7
 Abil: Evoke Berserk Rag |       |       |       |     2 ||     2
Evoke: Wand              |       |       |    19 |     2 ||    21
  Use: Potion            |     1 |     3 |     5 |     6 ||    15
       Scroll            |       |     2 |    13 |    10 ||    25
 Stab: Paralysed         |       |     6 |     4 |     1 ||    11
       Betrayed ally     |       |     1 |       |       ||     1
       Confused          |       |       |     2 |     1 ||     3
       Petrifying        |       |       |     3 |       ||     3
       Petrified         |       |       |     2 |       ||     2
       Distracted        |       |       |     2 |     1 ||     3
